 Dungeon Crawl Stone Soup version 0.18-a0-1764-gf4ddf0b (webtiles) character file.

413 Ratboiler the Covert (level 6, -4/39 HPs)
             Began as an Octopode Wanderer on Apr 13, 2016.
             Slain by a sky beast (6 damage)
             ... on level 5 of the Dungeon.
             The game lasted 00:12:01 (5969 turns).

Ratboiler the Covert (Octopode Wanderer)            Turns: 5969, Time: 00:12:01

Health: -4/39      AC:  1    Str: 14    XL:     6   Next: 90%
Magic:  6/6        EV: 13    Int: 13    God:
Gold:   242        SH:  0    Dex: 17    Spells: 0 memorised, 5 levels left

rFire  . . .     SeeInvis .     a - +1 falchion (holy)
rCold  . . .     Gourm    .     (no shield)
rNeg   . . .     Faith    .     (helmet restricted)
rPois  .         Spirit   .     (no amulet)
rElec  .         Dismiss  .     (no ring)
rCorr  .         Reflect  .     (no ring)
SustAt .         Harm     .     (no ring)
MR     .....                    (no ring)
Stlth  ++++++....               (no ring)
                                (no ring)
                                (no ring)
                                (no ring)

@: mighty, not resistant to hostile enchantments, very stealthy
A: almost no armour, amphibious, 8 rings, constrict 8, camouflage 1, gelatinous
body 1
a: no special abilities


You were on level 5 of the Dungeon.
You were not hungry.

You visited 1 branch of the dungeon, and saw 5 of its levels.

You collected 242 gold pieces.

Inventory:

Hand Weapons
 a - a +1 falchion of holy wrath (weapon)
 b - a +0 short sword
 d - a +0 dagger
Missiles
 g - 12 tomahawks (quivered)
 j - 3 throwing nets
 z - 4 curare-tipped needles
Wands
 u - a wand of polymorph (22/24)
Scrolls
 c - a scroll of noise {unknown}
 h - a scroll of enchant weapon {unknown}
 k - a scroll of magic mapping
 m - a scroll of recharging
 q - a scroll of immolation {unknown}
 s - a scroll of amnesia {unknown}
 y - a scroll of random uselessness {unknown}
Potions
 e - 3 potions of curing
 i - a potion of magic {unknown}
 n - 2 potions of heal wounds {unknown}
 o - a potion of might
 r - a potion of mutation {unknown}
 t - 2 potions of lignification {unknown}
 w - 2 potions of berserk rage {unknown}
 x - a potion of degeneration {unknown}
Comestibles
 f - 2 bread rations
 l - a beef jerky
 p - 2 meat rations
 v - a royal jelly


   Skills:
 - Level 2.0 Fighting
 - Level 1.0(2.9) Short Blades
 * Level 4.4 Long Blades
 - Level 3.0 Dodging
 - Level 9.0 Stealth


You had 5 spell levels left.
You didn't know any spells.

Dungeon Overview and Level Annotations

Branches:
Dungeon (5/15)
 Temple: D:4-7

Altars:
Makhleb
Nemelex Xobeh
Xom


Innate Abilities, Weirdness & Mutations

You cannot wear most types of armour.
You are amphibious.
You can wear up to eight rings at the same time.
You can use your tentacles to constrict eight enemies at once.
Your skin changes colour to match your surroundings (Stealth).
Your rubbery body absorbs attacks (AC +1).


Message History

You closely miss the sky beast. The sky beast hits you.
The sky beast shocks you.
You closely miss the sky beast. The sky beast hits you.
The sky beast shocks you.
You closely miss the sky beast. The sky beast barely misses you.
You slash the sky beast!
The sky beast is moderately wounded.
The sky beast hits you. The sky beast shocks you.
You slash the sky beast!
The sky beast is severely wounded.
The sky beast hits you.
* * * LOW HITPOINT WARNING * * *
The sky beast shocks you.
* * * LOW HITPOINT WARNING * * *
You miss the sky beast.
The sky beast is severely wounded.
The sky beast hits you.
* * * LOW HITPOINT WARNING * * *
The sky beast shocks you.
You die...

#.....##........##.
#.....#...#...#.##.
##.......#.##..#....
#......###.##..####.
#ยง######
#.##....##. #Y#
#.##.##..#. ####.#
#.##.###.#.
#....####
#....<.....
#....Y@.#
##.......).
#....##..#
#.##...... ######
#.# #.. #...##. ...
#.# ###..#. #....
##.#. ..## ... ##
#.. ##. ##


You could see a sky beast.

Vanquished Creatures
  2 orc priests
  Jessica (D:3)
  Terence (D:2)
  2 worker ants (D:5)
  A worker ant zombie (D:5)
  Robin (D:3)
  2 gnolls (D:4)
  4 adders
  A shadow imp (D:5)
  2 oozes
  An adder zombie (D:4)
  3 worms
  2 dart slugs
  3 giant geckos
  21 orcs
  10 bats
  9 giant cockroaches
  16 goblins
  12 hobgoblins
  4 jackals (D:3)
  2 quokkas
  A ball python (D:3)
  8 giant newts
  13 kobolds
  7 rats
129 creatures vanquished.

Notes
Turn   | Place    | Note
--------------------------------------------------------------
     0 | D:1      | Ratboiler the Octopode Wanderer began the quest for the Orb.
     0 | D:1      | Ratboiler set off with: 3 throwing nets, a +0 short sword, a scroll of teleportation, a +0 dagger, a bread ration
     0 | D:1      | Reached XP level 1. HP: 14/14 MP: 1/1
   231 | D:1      | Reached XP level 2. HP: 19/19 MP: 2/2
   247 | D:1      | Reached skill level 6 in Stealth
   585 | D:1      | Reached XP level 3. HP: 16/24 MP: 3/3
   928 | D:1      | Reached skill level 7 in Stealth
  1393 | D:2      | You fall through a shaft for 2 floors!
  1480 | D:4      | Reached XP level 4. HP: 29/29 MP: 4/4
  1704 | D:4      | Reached skill level 8 in Stealth
  2202 | D:3      | Found a sparkling altar of Nemelex Xobeh.
  2251 | D:3      | Reached XP level 5. HP: 34/34 MP: 5/5
  2252 | D:3      | Noticed Robin
  2571 | D:2      | Found a burning altar of Makhleb.
  2571 | D:2      | Found a shimmering altar of Xom.
  2588 | D:2      | Noticed Terence
  2603 | D:2      | Killed Terence
  2603 | D:2      | Reached skill level 9 in Stealth
  2814 | D:2      | Found a faded altar to an unknown god.
  2973 | D:2      | Reached skill level 1 in Long Blades
  3308 | D:3      | Noticed Jessica
  3398 | D:3      | Killed Jessica
  3714 | D:3      | Reached XP level 6. HP: 22/39 MP: 6/6
  3876 | D:3      | Killed Robin
  5083 | D:5      | Entered Level 5 of the Dungeon
  5092 | D:5      | Noticed a sky beast
  5969 | D:5      | Slain by a sky beast

Vault maps used:
D:1:      dpeg_arrival_yet_another_circle
D:2:      gammafunk_temple_overflow_statue, first_bread, ecumenical_altar_1,
          uniq_terence
D:3:      nemelex_dance_club_becter, uniq_jessica, uniq_robin
D:5:      serial_shops, shop_coins, nicolae_sextant, uniq_menkaure

Skill      XL: |  1  2  3  4  5  6 |
---------------+-------------------+-----
Stealth        | 6 7 8 9 |  9.0
Long Blades    | 2 4 |  4.4
Fighting       | |  2.0
Short Blades   | |  1.0
Dodging        | |  3.0

Action                   |  1- 3 |  4- 6 || total
-------------------------+-------+-------++-------
Melee: Short sword       |    78 |    69 ||   147
       Constrict         |    19 |    54 ||    73
       Tentacles         |    12 |    31 ||    43
       Falchion          |       |   135 ||   135
Throw: Tomahawk          |     3 |     9 ||    12
       Throwing net      |     1 |       ||     1
  Use: Scroll            |       |     4 ||     4
       Potion            |       |     3 ||     3
 Stab: Sleeping          |    14 |    22 ||    36
       Distracted        |       |     3 ||     3
  Eat: Chunk             |     2 |     7 ||     9
       Fruit             |       |     3 ||     3
       Bread ration      |       |     1 ||     1
Armor: Skin              |    10 |    10 ||    20
Dodge: Dodged            |    34 |   119 ||   153
